 Dungeon Crawl Stone Soup version 0.28-a0-1236-gb25a51b929 (webtiles) character file.

Game seed: 10815012804171644609

5525 enile the Covered (level 10, -13/86 HPs)
             Began as a Demigod Wanderer on Dec 26, 2021.
             Killed from afar by an acid dragon (23 damage)
             ... with a splash of acid
             ... on level 9 of the Dungeon.
             The game lasted 00:24:54 (11268 turns).

enile the Covered (Demigod Wanderer)               Turns: 11268, Time: 00:24:55

Health: -13/86     AC:  1    Str: 24    XL:     10   Next: 20%
Magic:  16/16      EV: 12    Int: 21    God:
Gold:   506        SH:  6    Dex: 19    Spells: 9/13 levels left

rFire   . . .      SeeInvis .   q - +5 scimitar (holy)
rCold   . . .      Faith    .   b - +0 buckler
rNeg    . . .      Spirit   .   A - +2 steam dragon scales
rPois   .          Reflect  .   (no helmet)
rElec   .          Harm     .   (no cloak)
rCorr   .          Rampage  .   l - +0 pair of gloves
Will    +....                   (no boots)
Stlth   +++.......              (no amulet)
HPRegen 0.24/turn               t - +6 ring of dexterity
MPRegen 0.15/turn               v - +6 ring of intelligence

@: mighty, corroded, attractive
A: high mp 1, forlorn, divine attributes
a: no special abilities


You were on level 9 of the Dungeon.
You visited 1 branch of the dungeon, and saw 9 of its levels.

You collected 506 gold pieces.

Inventory:

Hand Weapons
 a - a +0 dagger
 f - a +0 hunting sling
 g - a +0 spear
 i - a +2 whip of electrocution
 p - a +1 antimagic trident
 q - a +5 scimitar of holy wrath (weapon)
 r - a +0 dagger of venom
 E - a +4 scimitar
Missiles
 e - 14 poisoned darts (quivered)
 D - 6 javelins
Armour
 b - a +0 buckler (worn)
 c - a +0 chain mail
 j - a +3 leather armour
 l - a +0 pair of gloves (worn)
 y - a +2 ring mail of fire resistance
 A - +2 steam dragon scales (worn)
Jewellery
 t - a +6 ring of dexterity (left hand)
 v - a +6 ring of intelligence (right hand)
Wands
 h - a wand of polymorph (3)
 w - a wand of mindburst (1)
 B - a wand of iceblast (5)
Scrolls
 d - 7 scrolls of identify
 n - 2 scrolls of amnesia
 s - a scroll of enchant armour
Potions
 k - a potion of flight
 m - 3 potions of curing
 o - 3 potions of lignification {unknown}
 u - a potion of might
 x - 2 potions of cancellation {unknown}
 C - 2 potions of mutation {unknown}
 F - a potion of haste {unknown}


   Skills:
 - Level 7.0 Fighting
 - Level 5.0 Long Blades
 - Level 4.0 Maces & Flails
 - Level 2.8(4.3) Slings
 - Level 5.0(5.3) Throwing
 - Level 7.0 Armour
 - Level 2.0 Dodging
 - Level 3.0 Stealth
 - Level 4.0 Shields
 - Level 2.0 Spellcasting
 - Level 3.0 Necromancy
 + Level 2.4 Evocations


You had 9 spell levels left.
You knew the following spells:

 Your Spells              Type           Power      Damage    Failure   Level
a - Pain                  Necr           56%        1d6       4%          1
b - Vampiric Draining     Necr           14%        2d7       13%         3

Your spell library contained the following spells:

 Spells                   Type           Power      Damage    Failure   Level
 Summon Small Mammal      Summ           8%         N/A       14%         1
 Call Canine Familiar     Summ           2%         N/A       41%         3
 Ozocubu's Armour         Ice            2%         N/A       41%         3
 Summon Guardian Golem    Hex/Summ       2%         N/A       41%         3
 Summon Ice Beast         Ice/Summ       2%         N/A       82%         4
 Summon Mana Viper        Hex/Summ       2%         N/A       99%         5
 Monstrous Menagerie      Summ           1%         N/A       100%        7
 Ozocubu's Refrigeration  Ice            1%         4d5       100%        7


Dungeon Overview and Level Annotations

Branches:
Dungeon (10/15)            Temple (0/1) D:4
   Lair: D:8-11         Orc: D:9-12

Shops:
D:1 (


Innate Abilities, Weirdness & Mutations

You have an increased reservoir of magic. (+10% MP)
You shall have no god before yourself.
Your divine heritage dramatically boosts your attributes as you level up.


Message History

Aim: an acid dragon (water, catching its breath, 66% to hit)
You throw a poisoned dart. The poisoned dart hits the acid dragon.
You hear a splash.
Unknown command.
Throw: 16 darts (poison)
Press: ? - help, Q - select action, (/) - cycle Shift-Dir - straight line, f/p - acid dragon
Aim: an acid dragon (water, catching its breath, 66% to hit)
You throw a poisoned dart. The poisoned dart hits the acid dragon!
You hear a splash.
Unknown command.
The acid dragon spits acid at you. The splash of acid hits you!!!
The acid corrodes you!
You hear a bark!
You hear a howl!
You hear a shout!
Throw: 15 darts (poison)
Press: ? - help, Q - select action, (/) - cycle Shift-Dir - straight line, f/p - acid dragon
Aim: an acid dragon (catching its breath, 66% to hit)
You throw a poisoned dart. The poisoned dart hits the acid dragon.
Unknown command.
The acid dragon spits acid at you. The splash of acid hits you!!
* * * LOW HITPOINT WARNING * * *
The acid corrodes you!
You hear a bark!
Okay, then.
It was a potion of attraction.
You feel attractive to monsters.
The acid dragon is attracted toward you.
It was a potion of might.
You feel very mighty all of a sudden. The acid dragon completely misses you.
The acid dragon claws you.
* * * LOW HITPOINT WARNING * * *
You slash the acid dragon!
The acid dragon is heavily wounded.
The acid dragon barely misses you. The acid dragon claws you.
* * * LOW HITPOINT WARNING * * *
You hit the acid dragon but do no damage.
The acid dragon is heavily wounded.
The acid dragon spits acid at you. The splash of acid hits you!!
You die...

############
##..........##
##............##
#..............#
#..............#####
#...............(..#
#...@..........###.
#....D........(##
##..............#
##....§.....##......
#........### #...≈≈
#........# #....
#........# #...
#........## ..≈
#.######..# .≈


You could see an acid dragon (catching breath).

Vanquished Creatures
  3 two-headed ogres (D:10)
  Maggie (D:6)
  Eustachio (D:5)
  A water moccasin (D:4)
  Duvessa (D:5)
  3 ice beasts
  An orc warrior (D:10)
  2 sky beasts
  A black bear (D:6)
  A necrophage (D:4)
  A centaur (D:10)
  2 ogres
  A kobold brigand (D:10)
  2 phantoms
  Blork the orc (D:6)
  3 scorpions
  A water moccasin skeleton (D:5)
  Dowan (D:5)
  A killer bee (D:9)
  7 wights
  An electric eel (D:9)
  2 howler monkeys
  2 centaur zombies
  2 hounds (D:4)
  8 orc priests
  A jelly (D:6)
  2 bullfrog skeletons
  A gnoll shaman (D:5)
  An iguana (D:5)
  4 orc wizards
  4 hound skeletons
  A howler monkey zombie (D:10)
  A howler monkey skeleton (D:6)
  5 gnolls (D:5)
  8 adders
  2 white imps
  An ufetubus (D:5)
  A worm (D:5)
  A dart slug (D:1)
  22 orcs
  7 bats
  9 endoplasms
  6 goblins
  10 hobgoblins
  5 jackals
  5 quokkas
  5 ball pythons
  3 frilled lizards
  7 kobolds
  3 rats
165 creatures vanquished.

Vanquished Creatures (others)
  5 toadstools (D:1)
5 creatures vanquished.

Grand Total: 170 creatures vanquished

Notes
Turn   | Place    | Note
-------+----------+-------------------------------------------
     0 | D:1      | enile the Demigod Wanderer began the quest for the Orb.
     0 | D:1      | enile set off with the following items: a +0 dagger, a +0
                  | buckler, a +0 chain mail; and the following spell
                  | memorised: Pain; and the following spells available to
                  | memorise: Vampiric Draining
     0 | D:1      | Reached XP level 1. HP: 14/14 MP: 4/4
   253 | D:1      | Reached skill level 1 in Fighting
   719 | D:1      | Reached XP level 2. HP: 16/23 MP: 5/5
   985 | D:1      | Found Neufo's Antique Weapon Boutique.
  1650 | D:1      | Reached XP level 3. HP: 18/28 MP: 6/6
  2071 | D:2      | Reached skill level 5 in Armour
  2370 | D:2      | Reached skill level 1 in Maces & Flails
  2697 | D:2      | Learned a level 3 spell: Vampiric Draining
  3457 | D:3      | Reached skill level 1 in Throwing
  3776 | D:3      | Reached XP level 4. HP: 35/35 MP: 8/8
  4069 | D:4      | Noticed an ogre
  4073 | D:4      | Killed an ogre
  4074 | D:4      | Reached XP level 5. HP: 26/42 MP: 9/9
  4280 | D:4      | HP: 2/45 [poisoned by a scorpion]
  4574 | D:4      | Noticed a water moccasin
  4593 | D:4      | Killed a water moccasin
  4594 | D:4      | Reached XP level 6. HP: 22/51 MP: 10/10
  5125 | D:4      | Reached skill level 1 in Dodging
  5364 | D:4      | Found a staircase to the Ecumenical Temple.
  5395 | D:4      | Reached XP level 7. HP: 33/57 MP: 9/13
  5826 | D:5      | Entered Level 5 of the Dungeon
  6400 | D:5      | Noticed Dowan
  6401 | D:5      | Noticed Duvessa
  6422 | D:5      | Killed Dowan
  6423 | D:5      | Killed Duvessa
  6744 | D:5      | Reached XP level 8. HP: 22/66 MP: 14/14
  7827 | D:5      | Reached skill level 5 in Fighting
  8016 | D:6      | Noticed Eustachio
  8016 | D:6      | Noticed Blork the orc
  8539 | D:5      | Killed Eustachio
  8591 | D:6      | Killed Blork the orc
  8715 | D:6      | Reached skill level 5 in Throwing
  8890 | D:6      | Noticed Maggie
  8930 | D:6      | Killed Maggie
  8931 | D:6      | Reached XP level 9. HP: 66/75 MP: 15/15
  9046 | D:6      | Reached skill level 1 in Stealth
  9563 | D:7      | Reached skill level 1 in Long Blades
  9895 | D:7      | You fall into a shaft and drop 3 floors!
  9895 | D:10     | Entered Level 10 of the Dungeon
  9904 | D:10     | Noticed a two-headed ogre
  9930 | D:10     | Noticed a two-headed ogre
  9941 | D:10     | Killed a two-headed ogre
 10026 | D:10     | Killed a two-headed ogre
 10054 | D:10     | Noticed a two-headed ogre
 10371 | D:10     | Reached XP level 10. HP: 63/84 MP: 16/16
 10517 | D:10     | Killed a two-headed ogre
 10860 | D:9      | Noticed a two-headed ogre
 10917 | D:10     | Reached skill level 5 in Long Blades
 11268 | D:9      | Killed from afar by an acid dragon

Illustrated notes

Levels and vault maps discovered:
D:1:      kennysheep_arrival_seaside, layout_loops_corners, serial_shops,
          nicolae_shop_window_shopping, minmay_gold_behind_fungi
D:2:      layout_loops_corners, hellmonk_ecumenical_altar_dog_temple,
          minmay_crystal_room, minmay_misc_feat_tiny
D:3:      layout_loops_ring
D:4:      layout_loops_ring, grunt_temple_overflow_open,
          minmay_temple_entry_large_hall
D:5:      layout_gridville, mainiacjoe_overflow_tiny_flanked, uniq_duvessa
D:6:      layout_gridville, uniq_blork_the_orc, uniq_maggie, uniq_eustachio
D:7:      layout_basic
D:9:      layout_rooms, erik_lair_island, lightli_fourway_metalbox
D:10:     layout_basic, enter_trove_3, chequers_serial_rivers_room_a

Skill      XL: |  1  2  3  4  5  6  7  8  9 10 |
---------------+-------------------------------+-----
Fighting       | 1 2 3 4 5 6 7 |  7.0
Shields        | 2 3 4 |  4.0
Armour         | 5 6 7 |  7.0
Maces & Flails | 1 2 3 4 |  4.0
Throwing       | 1 2 3 5 |  5.0
Necromancy     | 2 3 |  3.0
Dodging        | 2 |  2.0
Spellcasting   | 2 |  2.0
Evocations     | 2 |  2.4
Stealth        | 3 |  3.0
Long Blades    | 4 5 |  5.0
Slings         | 2 |  2.8

Action                   |  1- 3 |  4- 6 |  7- 9 | 10-12 || total
-------------------------+-------+-------+-------+-------++-------
Melee: Dagger            |   158 |       |       |       ||   158
       Whip              |   100 |    76 |   176 |       ||   352
       Scimitar          |       |       |    41 |    25 ||    66
Throw: Dart              |     5 |    15 |    51 |    24 ||    95
       Javelin           |       |     3 |    45 |     1 ||    49
 Cast: Pain              |       |     8 |    11 |       ||    19
       Vampiric Draining |       |     1 |     7 |       ||     8
Evoke: Wand              |       |     4 |     3 |       ||     7
  Use: Scroll            |       |       |     5 |     1 ||     6
       Potion            |       |       |     2 |     2 ||     4
 Stab: Sleeping          |     1 |     1 |       |       ||     2
Armor: Chain mail        |   112 |       |       |       ||   112
       Leather armour    |    36 |    30 |     7 |       ||    73
       Ring mail         |       |       |   102 |       ||   102
       Steam dragon scal |       |       |    22 |     3 ||    25
Dodge: Dodged            |   103 |    19 |   136 |    19 ||   277
Block: Buckler           |    41 |    14 |    78 |     6 ||   139

Table legend: (Time is in decaauts)
 A = Elapsed time spent in this place.
 B = Non-inter-level travel time spent in this place.
 C = Inter-level travel time spent in this place.
 D = Time resting spent in this place.
 E = Time spent auto-exploring this place.
 F = Levels seen in this place.
 G = Mean time per level.
                   A        B        C        D        E       F      G
               +--------+--------+--------+--------+--------+-----+--------+
         Total |  11305 |  10705 |    600 |    425 |   8488 |   9 | 1256.1 |
       Dungeon |  11305 |  10705 |    600 |    425 |   8488 |   9 | 1256.1 |
               +--------+--------+--------+--------+--------+-----+--------+

Top non-repeatable levels by time:
     D:5: 2339 daAuts
     D:4: 1998 daAuts
     D:1: 1967 daAuts
    D:10: 1294 daAuts
     D:2: 1227 daAuts
     D:6: 1003 daAuts
     D:3: 894 daAuts
     D:7: 503 daAuts
     D:9: 77 daAuts
